 Dungeon Crawl Stone Soup version 0.17-a0-2127-g1cb09f6 (webtiles) character file.

58 septik the Skirmisher (level 3, 12/36 HPs)
             Began as a Deep Dwarf Fighter on Oct 22, 2015.
             Quit the game on level 2 of the Dungeon.
             The game lasted 00:07:35 (1348 turns).

septik the Skirmisher (Deep Dwarf Fighter)          Turns: 1348, Time: 00:07:35

Health: 12/36      AC:  9    Str: 20    XL:     3   Next: 76%
Magic:  3/3        EV:  5    Int:  8    God:
Gold:   75         SH:  9    Dex: 12    Spells: 0 memorised, 2 levels left

rFire  . . .     SeeInvis +     a - +0 war axe
rCold  . . .     Clarity  .     s - +0 chain mail
rNeg   . . .     SustAt   .     c - +0 shield
rPois  .         Gourm    .     (no helmet)
rElec  .         Spirit   .     (no cloak)
rCorr  .         Warding  .     (no gloves)
rMut   .         Stasis   .     (no boots)
MR     +....                    (no amulet)
Stlth  ..........               A - ring of protection from magic
                                h - ring of see invisible

@: non-regenerating, somewhat resistant to hostile enchantments, extremely
unstealthy
A: damage resistance, recharge devices, sense surroundings 1, slow regeneration
3
a: Device Recharging


You were on level 2 of the Dungeon.
You were not hungry.

You visited 1 branch of the dungeon, and saw 3 of its levels.

You collected 75 gold pieces.

Inventory:

Hand Weapons
 a - a +0 war axe (weapon)
Missiles
 g - 53 stones
 o - 14 poisoned needles
 p - 2 javelins of returning (quivered)
 q - 6 arrows of flame
 r - 8 curare-tipped needles
 y - 23 sling bullets
Armour
 b - a +0 scale mail
 c - a +0 shield (worn)
 s - a +0 chain mail (worn)
 x - a +0 large shield
Jewellery
 h - a ring of see invisible (left hand)
 A - a ring of protection from magic (right hand)
Wands
 e - a wand of heal wounds (4)
Scrolls
 j - 3 scrolls of identify {unknown}
 k - a scroll of remove curse {unknown}
 t - 4 scrolls of teleportation {unknown}
Potions
 d - a potion of might
 n - a potion of curing {unknown}
 v - a potion of haste {unknown}
 w - a potion of agility {unknown}
 z - a potion of poison {unknown}
Comestibles
 f - a bread ration
 i - a beef jerky
 l - a slice of pizza
 u - a meat ration


   Skills:
 * Level 3.7 Fighting
 + Level 3.1 Axes
 - Level 3.3 Armour
 - Level 3.4 Shields


You had 2 spell levels left.
You didn't know any spells.

Dungeon Overview and Level Annotations

Branches:
Dungeon (3/15)

Altars:


Innate Abilities, Weirdness & Mutations

You are resistant to damage.
You can recharge devices by infusing magical energy.
You passively map a small area around you.
You do not regenerate naturally.


Message History

The hobgoblin is almost dead.
You block the gnoll's attack. You block the hobgoblin's attack.
The gnoll hits you but does no damage. The hobgoblin hits you with a club.
You hit the gnoll.
The gnoll is almost dead.
You completely miss the hobgoblin.
The hobgoblin is almost dead.
The hobgoblin hits you but does no damage.
You block the gnoll's attack.
You hit the gnoll but do no damage.
The gnoll is almost dead.
You slash the hobgoblin!
You kill the hobgoblin!
Your Axes skill increases to level 3!
The gnoll hits you but does no damage.
You slash the gnoll!
You kill the gnoll!
Unknown command.
You see here a halberd.
Are you sure you want to abandon this character and quit the game? (Confirm with "yes".)

##### #...# #####
#.#.# #...# #@#.#
#...# #>#.# ### #...#
#)#.# ..# #.).#
#####.#.#
..####...###.....#.#
...........#.#####.#
..####...#.#.#####)#
..##....<#....รท..).#
..##.##.##...####..#


There were no monsters in sight!

Vanquished Creatures
  An adder (D:2)
  A gnoll (D:2)
  A worm (D:2)
  2 giant geckos (D:2)
  A ball python (D:1)
  5 hobgoblins
  4 jackals (D:2)
  A quokka (D:2)
  4 bats
  6 goblins
  3 kobolds
  5 rats
34 creatures vanquished.

Notes
Turn   | Place    | Note
--------------------------------------------------------------
     0 | D:1      | septik the Deep Dwarf Fighter began the quest for the Orb.
     0 | D:1      | Reached XP level 1. HP: 20/20 MP: 1/1
   260 | D:1      | Reached XP level 2. HP: 25/27 MP: 2/2
   963 | D:2      | Reached XP level 3. HP: 20/34 MP: 3/3
  1348 | D:2      | Quit the game

Vault maps used:
D:1:      saegor_arrival_simple_b
D:2:      minmay_close_crescents
D:3:      hangedman_decor_points

Action                   || total
-------------------------++-------
Melee: War axe           ||   133
Throw: Javelin           ||     4
Evoke: Wand              ||     1
  Eat: Chunk             ||     2
